[ AOE2 MATCH · #513810145 ]
UnrankedTupi vs Britons
Player's team · LOSS
Rival team · WIN
[ REPLAY ANALYSIS · EXTRACTED FROM THE RECORDED GAME ]
Feudal
16:06
Castle
26:46
Imperial
49:25
| APM avg | 57.7 |
| APM peak | 100 |
| eAPM avg | 28.8 |
| Villagers / military | 139 / 42 |
Focus
⚔️ 34.8% · 🌾 65.2%
Unknown (2582) ×63 · Unknown (2550) ×46 · Spearman ×23 · Skirmisher ×16 · Mangonel ×2 · Trebuchet (Packed) ×1
Feudal
9:18
Castle
21:28
Imperial
43:34
| APM avg | 36.2 |
| APM peak | 83 |
| eAPM avg | 19.2 |
| Villagers / military | 155 / 218 |
Focus
⚔️ 32.9% · 🌾 67.1%
Militia ×136 · Archer ×30 · Skirmisher ×16 · Knight ×9 · Scout Cavalry ×7 · Battering Ram ×6
Match map
Initial resources + every placement click. Lines = walls · curves = elevation contours. ◆ gold · ⬟ stone · ● berries · ✦ relic · ◌ wall gap
Your base· Open — 5t gap
BatDongSan's base· Open — 3t gap
Smoothed initial terrain · ◌ = detected wall gap · hover for details
Inputs per minute
— 查理曼大帝 - - BatDongSan
Build order — 查理曼大帝
First 150 of 334 actions detected
| 0:01 | queue | Villager (Male) ×4 |
| 0:04 | Build | House |
| 0:06 | Build | House |
| 0:20 | Build | Barracks |
| 1:28 | queue | Unit 2550 |
| 1:28 | queue | Unit 2550 |
| 1:43 | queue | Villager (Male) |
| 1:43 | queue | Villager (Male) |
| 2:05 | queue | Villager (Male) |
| 2:25 | queue | Villager (Male) |
| 2:43 | queue | Unit 2550 |
| 3:03 | Build | House |
| 3:04 | queue | Unit 2550 |
| 3:07 | Research | Loom |
| 3:08 | queue | Unit 2550 |
| 3:16 | queue | Villager (Male) |
| 3:38 | queue | Villager (Male) |
| 3:48 | queue | Villager (Male) |
| 3:48 | queue | Villager (Male) |
| 4:13 | queue | Villager (Male) |
| 4:33 | Build | House |
| 4:51 | queue | Villager (Male) |
| 4:51 | queue | Villager (Male) |
| 5:15 | queue | Villager (Male) |
| 5:44 | queue | Villager (Male) |
| 6:15 | Build | Settlement |
| 7:00 | queue | Villager (Male) |
| 7:01 | queue | Villager (Male) |
| 7:09 | queue | Villager (Male) |
| 8:08 | queue | Villager (Male) |
| 8:22 | queue | Villager (Male) |
| 8:40 | queue | Villager (Male) |
| 8:40 | queue | Villager (Male) |
| 8:46 | Build | Settlement |
| 8:50 | queue | Villager (Male) |
| 8:50 | queue | Villager (Male) |
| 9:11 | Build | Farm |
| 9:13 | Build | Farm |
| 10:17 | queue | Villager (Male) |
| 10:21 | Build | Farm |
| 10:45 | queue | Villager (Male) |
| 10:48 | Build | Farm |
| 11:01 | Build | Settlement |
| 11:13 | Build | Farm |
| 11:25 | queue | Villager (Male) |
| 11:34 | Build | Palisade Wall |
| 11:49 | queue | Villager (Male) |
| 12:06 | queue | Villager (Male) |
| 12:16 | Build | Farm |
| 12:33 | Build | Farm |
| 12:43 | Build | Farm |
| 12:49 | queue | Villager (Male) |
| 13:13 | queue | Villager (Male) |
| 13:15 | Build | Farm |
| 13:37 | Build | Farm |
| 13:56 | Research | Feudal Age |
| 14:14 | Build | Farm |
| 14:15 | Build | Farm |
| 14:17 | Build | Farm |
| 14:18 | Build | Farm |
| 14:25 | Build | House |
| 14:28 | Build | Palisade Wall |
| 14:35 | Build | Barracks |
| 15:05 | Build | House |
| 15:07 | Build | House |
| 15:23 | Build | Palisade Wall |
| 16:06 | Age | Feudal Age |
| 16:08 | Build | Blacksmith |
| 16:10 | queue | Villager (Male) |
| 16:10 | queue | Villager (Male) |
| 16:33 | Build | Archery Range |
| 16:40 | queue | Villager (Male) |
| 16:41 | queue | Villager (Male) |
| 16:54 | Research | Fletching |
| 17:00 | queue | Villager (Male) |
| 17:03 | Build | Farm |
| 17:15 | queue | Skirmisher |
| 17:15 | queue | Skirmisher |
| 17:20 | Research | Horse Collar |
| 17:21 | Research | Double-Bit Axe |
| 17:32 | queue | Skirmisher |
| 17:36 | Build | Farm |
| 17:36 | Build | Farm |
| 17:48 | queue | Skirmisher |
| 18:15 | queue | Skirmisher |
| 18:15 | queue | Villager (Male) |
| 18:16 | queue | Villager (Male) |
| 18:22 | queue | Skirmisher |
| 18:27 | Research | Tech 1402 |
| 18:28 | Research | Arson |
| 18:28 | Research | Arson |
| 18:29 | queue | Villager (Male) |
| 18:29 | queue | Villager (Male) |
| 18:31 | Research | Scale Mail Armor |
| 18:46 | Build | Farm |
| 18:48 | queue | Villager (Male) |
| 18:50 | queue | Unit 2550 |
| 18:50 | queue | Unit 2550 |
| 19:05 | Build | House |
| 19:06 | Build | House |
| 19:20 | queue | Unit 2550 |
| 19:22 | queue | Unit 2550 |
| 19:22 | queue | Unit 2550 |
| 19:25 | queue | Villager (Male) |
| 19:29 | queue | Skirmisher |
| 19:29 | queue | Skirmisher |
| 19:31 | queue | Unit 2550 |
| 19:44 | Build | Farm |
| 19:45 | Build | Farm |
| 19:49 | Build | Farm |
| 20:02 | queue | Unit 2550 |
| 20:12 | queue | Villager (Male) |
| 20:16 | Build | Farm |
| 20:18 | Build | House |
| 20:19 | Build | House |
| 20:31 | queue | Unit 2550 |
| 20:35 | queue | Villager (Male) |
| 20:37 | queue | Unit 2550 |
| 20:46 | queue | Unit 2550 |
| 20:47 | queue | Villager (Male) |
| 20:50 | Build | Farm |
| 21:15 | queue | Unit 2550 |
| 21:15 | queue | Unit 2550 |
| 21:23 | Research | Forging |
| 21:24 | Research | Forging |
| 21:28 | queue | Villager (Male) |
| 21:29 | Build | Farm |
| 21:46 | Build | Palisade Wall |
| 21:47 | Build | Palisade Wall |
| 21:55 | Build | Farm |
| 22:19 | Research | Wheelbarrow |
| 22:40 | Build | Palisade Wall |
| 22:44 | Build | Palisade Gate |
| 23:38 | queue | Spearman |
| 23:39 | queue | Spearman |
| 24:06 | Research | Castle Age |
| 24:06 | Research | Castle Age |
| 24:13 | queue | Spearman |
| 24:13 | queue | Spearman |
| 24:30 | queue | Spearman |
| 24:30 | queue | Spearman |
| 24:32 | queue | Spearman |
| 24:49 | Build | Settlement |
| 24:59 | queue | Spearman |
| 25:05 | Build | House |
| 25:52 | Build | Palisade Wall |
| 26:02 | Build | Settlement |
| 26:37 | queue | Unit 2550 |
| 26:37 | queue | Unit 2550 |
| 26:46 | Age | Castle Age |
Build order — BatDongSan
First 150 of 497 actions detected
| 0:01 | queue | Villager (Male) |
| 0:01 | queue | Villager (Male) |
| 0:02 | Build | House |
| 0:04 | Build | House |
| 0:06 | queue | Villager (Male) |
| 0:06 | queue | Villager (Male) |
| 1:23 | queue | Villager (Male) |
| 1:23 | queue | Villager (Male) |
| 1:48 | queue | Villager (Male) |
| 1:56 | queue | Villager (Male) |
| 2:54 | queue | Villager (Male) |
| 3:00 | queue | Villager (Male) |
| 3:34 | queue | Villager (Male) |
| 4:06 | Build | House |
| 4:09 | queue | Villager (Male) |
| 4:23 | queue | Villager (Male) |
| 4:38 | Build | Palisade Wall |
| 4:48 | queue | Villager (Male) |
| 5:03 | queue | Villager (Male) |
| 5:16 | queue | Villager (Male) |
| 5:44 | Build | Mining Camp |
| 5:53 | Research | Loom |
| 5:58 | Build | Lumber Camp |
| 6:18 | queue | Villager (Male) |
| 6:39 | queue | Villager (Male) |
| 6:45 | Build | Palisade Wall |
| 7:08 | Research | Feudal Age |
| 7:08 | Research | Feudal Age |
| 7:19 | Build | Palisade Wall |
| 7:31 | Build | Palisade Wall |
| 7:46 | Build | Palisade Wall |
| 7:49 | Build | Palisade Wall |
| 7:51 | Build | Palisade Wall |
| 7:54 | Build | House |
| 7:56 | Build | House |
| 8:01 | Build | Palisade Wall |
| 9:10 | queue | Villager (Male) |
| 9:18 | Age | Feudal Age |
| 9:22 | Build | Barracks |
| 9:32 | queue | Villager (Male) |
| 9:34 | Research | Double-Bit Axe |
| 10:12 | queue | Villager (Male) |
| 10:12 | queue | Villager (Male) |
| 10:24 | Build | Mill |
| 10:32 | Build | Archery Range |
| 10:39 | Build | House |
| 10:59 | Build | Farm |
| 11:06 | queue | Villager (Male) |
| 11:19 | Build | Farm |
| 11:28 | Build | Farm |
| 11:29 | Build | Farm |
| 11:31 | queue | Archer |
| 11:31 | queue | Archer |
| 11:31 | queue | Archer |
| 11:48 | Build | Farm |
| 11:53 | Build | Farm |
| 11:58 | Build | Farm |
| 12:03 | Build | House |
| 12:06 | queue | Villager (Male) |
| 12:06 | queue | Villager (Male) |
| 12:08 | queue | Archer |
| 12:09 | queue | Archer |
| 12:17 | queue | Villager (Male) |
| 12:17 | queue | Villager (Male) |
| 12:17 | queue | Villager (Male) |
| 12:53 | Build | Blacksmith |
| 12:54 | queue | Villager (Male) |
| 13:22 | queue | Villager (Male) |
| 13:23 | queue | Villager (Male) |
| 13:25 | Build | Farm |
| 13:26 | Build | Farm |
| 13:26 | Build | Farm |
| 13:26 | Build | Farm |
| 13:39 | queue | Archer |
| 13:50 | Research | Fletching |
| 13:54 | Build | House |
| 13:55 | Build | House |
| 13:58 | Build | House |
| 14:01 | queue | Villager (Male) |
| 14:03 | queue | Archer |
| 14:18 | Build | Farm |
| 14:18 | Build | Farm |
| 14:21 | queue | Villager (Male) |
| 14:47 | queue | Villager (Male) |
| 15:21 | queue | Villager (Male) |
| 15:25 | Build | Farm |
| 15:26 | Build | Farm |
| 15:27 | Build | Farm |
| 15:43 | queue | Archer |
| 15:45 | queue | Archer |
| 15:46 | queue | Archer |
| 15:53 | queue | Villager (Male) |
| 15:53 | queue | Villager (Male) |
| 15:56 | Build | Farm |
| 15:57 | Build | Farm |
| 16:04 | Build | Palisade Wall |
| 16:07 | Build | Palisade Gate |
| 16:09 | Build | Palisade Wall |
| 16:32 | queue | Villager (Male) |
| 16:33 | queue | Villager (Male) |
| 16:54 | queue | Archer |
| 17:04 | queue | Villager (Male) |
| 17:07 | Build | Farm |
| 17:08 | Build | Farm |
| 17:49 | queue | Villager (Male) |
| 18:21 | queue | Villager (Male) |
| 18:34 | Build | Stable |
| 18:39 | Build | Stable |
| 18:48 | Research | Castle Age |
| 18:51 | Build | House |
| 18:54 | Build | House |
| 18:57 | Build | House |
| 19:19 | Research | Horse Collar |
| 19:19 | Research | Gold Mining |
| 19:34 | queue | Scout Cavalry ×2 |
| 19:34 | queue | Scout Cavalry ×2 |
| 19:42 | Build | House |
| 19:44 | Build | Palisade Wall |
| 20:22 | queue | Scout Cavalry ×3 |
| 20:31 | Build | Farm |
| 20:49 | Research | Scale Barding Armor |
| 20:50 | Research | Scale Barding Armor |
| 21:25 | Build | Farm |
| 21:28 | Age | Castle Age |
| 21:31 | queue | Villager (Male) |
| 21:31 | queue | Villager (Male) |
| 21:41 | Research | Light Cavalry (upgrade) |
| 21:42 | Research | Light Cavalry (upgrade) |
| 21:51 | queue | Knight |
| 22:02 | Build | Town Center |
| 22:15 | queue | Villager (Male) |
| 22:15 | queue | Villager (Male) |
| 22:39 | queue | Knight ×2 |
| 22:39 | queue | Knight ×2 |
| 23:09 | queue | Villager (Male) |
| 23:09 | queue | Villager (Male) |
| 23:24 | Research | Padded Archer Armor |
| 23:58 | queue | Villager (Male) |
| 23:58 | queue | Villager (Male) |
| 24:12 | queue | Villager (Male) |
| 24:12 | queue | Villager (Male) |
| 24:12 | queue | Villager (Male) |
| 24:16 | Build | Town Center |
| 24:38 | queue | Knight ×2 |
| 24:39 | queue | Knight ×2 |
| 24:43 | queue | Archer |
| 24:45 | queue | Villager (Male) |
| 24:46 | queue | Villager (Male) |
| 25:07 | queue | Villager (Male) |
| 25:09 | Build | Farm |
Match timeline
| 0:20 | 查理曼大帝 · first_building Barracks |
| 4:38 | BatDongSan · wall_segment Palisade Wall x11 |
| 6:45 | BatDongSan · wall_segment Palisade Wall x1 |
| 7:19 | BatDongSan · wall_segment Palisade Wall x1 |
| 7:31 | BatDongSan · wall_segment Palisade Wall x1 |
| 7:46 | BatDongSan · wall_segment Palisade Wall x1 |
| 7:49 | BatDongSan · wall_segment Palisade Wall x1 |
| 7:51 | BatDongSan · wall_segment Palisade Wall x1 |
| 8:01 | BatDongSan · wall_segment Palisade Wall x1 |
| 9:18 | BatDongSan · age_up feudal |
| 9:22 | BatDongSan · first_building Barracks |
| 10:32 | BatDongSan · first_building Archery Range |
| 11:34 | 查理曼大帝 · wall_segment Palisade Wall x1 |
| 14:28 | 查理曼大帝 · wall_segment Palisade Wall x1 |
| 15:23 | 查理曼大帝 · wall_segment Palisade Wall x1 |
| 16:04 | BatDongSan · wall_segment Palisade Wall x1 |
| 16:06 | 查理曼大帝 · age_up feudal |
| 16:09 | BatDongSan · wall_segment Palisade Wall x1 |
| 16:33 | 查理曼大帝 · first_building Archery Range |
| 18:34 | BatDongSan · first_building Stable |
| 19:44 | BatDongSan · wall_segment Palisade Wall x1 |
| 21:28 | BatDongSan · age_up castle |
| 21:46 | 查理曼大帝 · wall_segment Palisade Wall x1 |
| 21:47 | 查理曼大帝 · wall_segment Palisade Wall x1 |
| 22:40 | 查理曼大帝 · wall_segment Palisade Wall x5 |
| 25:52 | 查理曼大帝 · wall_segment Palisade Wall x1 |
| 26:15 | BatDongSan · first_building Siege Workshop |
| 26:46 | 查理曼大帝 · age_up castle |
| 29:08 | BatDongSan · first_building Monastery |
| 30:41 | 查理曼大帝 · wall_segment Palisade Wall x1 |
| 37:45 | 查理曼大帝 · first_building Siege Workshop |
| 38:40 | 查理曼大帝 · wall_segment Palisade Wall x1 |
| 38:41 | 查理曼大帝 · wall_segment Palisade Wall x1 |
| 38:42 | 查理曼大帝 · wall_segment Palisade Wall x1 |
| 38:57 | 查理曼大帝 · first_building Castle |
| 42:26 | BatDongSan · first_market_buy 100 stone |
| 42:34 | BatDongSan · first_building Castle |
| 42:53 | 查理曼大帝 · first_market_sell 100 food |
| 43:34 | BatDongSan · age_up imperial |
| 49:03 | BatDongSan · first_market_sell 100 wood |
| 49:25 | 查理曼大帝 · age_up imperial |
| 51:45 | 查理曼大帝 · resign |
[ AI ANALYSIS · 1 CREDIT ]
What really happened in this match?
Wolo.gg analyzes every decision: build order, eco, micro, common mistakes by bracket. Personalized analysis on WhatsApp or Discord in 30 seconds.
Civ guide
Tupi
Perfil
Jugador #3847457